 Dungeon Crawl Stone Soup version 0.30.1-3-gfc49f6343a (webtiles) character file.

Game seed: 15343860235395256064

23 CaptainMV the Insei (level 2, 0/27 (31) HPs)
             Began as a Demonspawn Wanderer on July 26, 2023.
             Succumbed to a kobold's poison
             ... on level 1 of the Dungeon.
             The game lasted 00:03:25 (344 turns).

CaptainMV the Insei (Demonspawn Wanderer)            Turns: 344, Time: 00:03:26

HP:   0/27 (31)     AC:  3    Str:  8    XL:     2   Next: 72%
MP:   2/3           EV: 11    Int: 15    God:
Gold: 22            SH:  4    Dex: 14    Spells: 2/3 levels left

rFire   . . .        a - +0 dagger
rCold   . . .        (no shield)
rNeg    . . .        d - +0 robe
rPois   .            (no helmet)
rElec   .            b - +0 cloak
rCorr   .            (no gloves)
SInv    .            (no boots)
Will    .....        (no amulet) Stlth
                     (no ring)
HPRegen 0.24/turn    (no ring)
MPRegen 0.08/turn

%: no passive effects
@: berserking, lethally poisoned (0 -> -2), heavily drained, very quick
A: condensation shield
a: no special abilities


You were on level 1 of the Dungeon.
You visited 1 branch of the dungeon, and saw 1 of its levels.

You collected 22 gold pieces.

Inventory:

Hand Weapons
 a - a +0 dagger (weapon)
Armour
 b - a +0 cloak (worn)
 d - a +0 robe (worn)
Jewellery
 h - a ring of poison resistance
Scrolls
 e - 2 scrolls of blinking
 i - a scroll of fog
Potions
 c - a potion of lignification
 f - a potion of attraction {unknown}
 g - a potion of berserk rage


   Skills:
 + Level 1.0 Fighting
 + Level 1.0 Armour
 + Level 3.0 Stealth
 + Level 3.3 Unarmed Combat
 + Level 1.1 Spellcasting
 + Level 1.1 Necromancy


You had 2 spell levels left.
You knew the following spells:

 Your Spells              Type           Power      Damage    Failure   Level
a - Kiss of Death         Conj/Necr      8%         2d6       19%         1

Your spell library contained the following spells:

 Spells                   Type           Power      Damage    Failure   Level
 Vampiric Draining        Necr           4%         2d6       43%         3


Dungeon Overview and Level Annotations

Branches:
Dungeon (1/15)

Altars:


Innate Abilities, Weirdness & Mutations

A meltable shield of frost defends you. (SH +4)


Message History

You are poisoned.
You hit the kobold but do no damage.
The kobold is heavily wounded.
You feel very sick. You block the kobold's attack.
You closely miss the kobold.
The kobold is heavily wounded.
You feel sick.
The kobold hits you with a +0 dagger of venom.
You are more poisoned.
You hit the kobold but do no damage.
The kobold is heavily wounded.
You feel very sick. The kobold closely misses you.
Casting: Kiss of Death (safe; 19% risk of failure)
Confirm with . or Enter, or press ? or * to list all spells.
Aiming: Kiss of Death (safe; 19% risk of failure)
Press: ? - help, Shift-Dir - straight line, f - kobold
Aim: a kobold, wielding a +0 dagger of venom (heavily wounded, 100% to hit)
The negative energy hits the kobold!
The kobold is drained!
You kill the kobold!
You feel drained.
You feel sick.
The kobold throws a stone.
The stone hits you.
You feel sick. The kobold hits you with a +0 dagger.
Things that are here:
a +0 dagger of venom; a kobold corpse You barely miss the kobold.
* * * LOW HITPOINT WARNING * * *
You feel sick. The kobold hits you with a +0 dagger.
* * * LOW HITPOINT WARNING * * *
It was a potion of berserk rage.
A red film seems to cover your vision as you go berserk!
You feel yourself moving faster!
You feel mighty!
* * * LOW HITPOINT WARNING * * *
You feel sick. You block the kobold's attack.
You closely miss the kobold. You hit the kobold.
You kill the kobold!
* * * LOW HITPOINT WARNING * * *
You feel sick.
You die...

#)####..###.####.#.
..).#..............
#.##..########.##
#.##..# ##...
#.##.)# ##...#
#.##..# #..#..
#.##..# #.....
#.#.#####.##..#
#..###
......))@.....#
##.#..
.....##########
#.#.# ### #.#..
#.### #.# +......##
... #.#.# ... ....#
.. ##.#.. ... ...#
.. #..### ..# #..#
.# #.....


There were no monsters in sight!

Vanquished Creatures
  4 ball pythons (D:1)
  A bat (D:1)
  3 endoplasms (D:1)
  A goblin (D:1)
  4 hobgoblins (D:1)
  2 kobolds (D:1)
  4 rats (D:1)
19 creatures vanquished.

Notes
Turn   | Place    | Note
-------+----------+-------------------------------------------
     0 | D:1      | CaptainMV the Demonspawn Wanderer began the quest for the
                  | Orb.
     0 | D:1      | CaptainMV set off with the following items: a +0 dagger, a
                  | +0 cloak, a potion of lignification, a +0 robe, 2 scrolls
                  | of blinking; and the following spell memorised: Kiss of
                  | Death; and the following spells available to memorise:
                  | Vampiric Draining.
     0 | D:1      | Reached XP level 1. HP: 15/15 MP: 2/2
   113 | D:1      | Gained mutation: A meltable shield of frost defends you.
                  | (SH +4) [demonic ancestry]
   113 | D:1      | Reached XP level 2. HP: 19/21 MP: 3/3
   343 | D:1      | HP: 1/25 [poisoned by a kobold]
   344 | D:1      | Succumbed to a kobold's poison

Illustrated notes

Levels and vault maps discovered:
D:1:      minmay_arrival_four_loops, layout_loops_ring, serial_shops, shop,
          minivault_27

Skill      XL: |  1  2 |
---------------+-------+-----
Unarmed Combat | 3 |  3.3
Stealth        | 3 |  3.0
Fighting       | |  1.0
Armour         | |  1.0
Spellcasting   | |  1.1
Necromancy     | |  1.1

Action                     || total
---------------------------++-------
  Melee: Dagger            ||    69
         Punch             ||     1
   Cast: Kiss of Death     ||     1
    Use: Scroll            ||     1
         Potion            ||     1
   Stab: Sleeping          ||     7
 Armour: Robe              ||    12
  Dodge: Dodged            ||    35
  Block: Other             ||     7
